 Seeded DCSS version 0.27.1-34-g3ba077fa99 (webtiles) character file.

Game seed: 74894893043 (custom seed)

499 lonewolfV2 the Chopper (level 6, 0/55 HPs)
             Began as a Minotaur Fighter on Jan 6, 2022.
             Succumbed to a goblin's poison
             ... on level 3 of the Dungeon.
             The game lasted 00:05:22 (2645 turns).

lonewolfV2 the Chopper (Minotaur Fighter)           Turns: 2645, Time: 00:05:26

Health: 0/55       AC: 18    Str: 21    XL:     6   Next: 94%
Magic:  5/5        EV:  8    Int:  5    God:
Gold:   198        SH: 10    Dex: 11    Spells: 5/5 levels left

rFire    . . .     SeeInvis .   a - +0 war axe
rCold    . . .     Faith    .   c - +0 kite shield
rNeg     . . .     Spirit   .   l - +4 scale mail
rPois    +         Reflect  .   (helmet restricted)
rElec    .         Harm     .   i - +2 cloak
rCorr    .         Rampage  .   (no gloves)
Will     .....                  (no boots)
Stlth    ..........             (no amulet)
HPRegen  0.18/turn              e - ring of poison resistance
MPRegen  0.09/turn              f - +4 ring of protection

@: lethally poisoned (0 -> -1)
A: horns 2, retaliatory headbutt
a: no special abilities


You were on level 3 of the Dungeon.
You visited 1 branch of the dungeon, and saw 4 of its levels.

You collected 198 gold pieces.

Inventory:

Hand Weapons
 a - a +0 war axe (weapon)
Armour
 c - a +0 kite shield (worn)
 i - a +2 cloak (worn)
 l - a +4 scale mail (worn)
Jewellery
 e - a ring of poison resistance (left hand)
 f - a +4 ring of protection (right hand)
Wands
 m - a wand of flame (24) (quivered)
 p - a wand of iceblast (13)
Scrolls
 j - 3 scrolls of teleportation
Potions
 b - a potion of attraction
 d - a potion of might
 g - a potion of haste
 h - a potion of curing
 k - a potion of lignification
 n - a potion of heal wounds {unknown}


   Skills:
 + Level 4.8 Fighting
 + Level 6.2 Axes
 + Level 4.7 Armour
 + Level 1.7 Dodging
 + Level 0.4 Stealth
 + Level 5.4 Shields


You had 5 spell levels left.
You didn't know any spells.
Your spell library contained the following spells:

 Spells                   Type           Power      Damage    Failure   Level
 Beastly Appendage        Tmut           0%         N/A       99%         1
 Freeze                   Ice            0%         1d3       99%         1
 Wereblood                Tmut           0%         N/A       100%        2
 Frozen Ramparts          Ice            0%         1d2       100%        3
 Spider Form              Tmut/Pois      0%         N/A       100%        3
 Hailstorm                Conj/Ice       0%         3d3       100%        4


Dungeon Overview and Level Annotations

Branches:
Dungeon (4/15)
 Temple: D:4-7

Altars:


Innate Abilities, Weirdness & Mutations

You have a pair of horns on your head.
You reflexively headbutt those who attack you in melee.


Message History

You closely miss the goblin. You hit the goblin.
You kill the goblin!
You closely miss the goblin. The goblin hits you but does no damage.
You are poisoned.
The gnoll hits you from afar with a +0 halberd!
The gnoll barely misses you. You block the goblin's attack.
Robin throws the goblin at you!
You slash Robin!
You kill Robin!
You closely miss the goblin. You slash the goblin!
You kill the goblin!
You hit the goblin.
You kill the goblin!
You feel very sick. You block the gnoll's attack.
The gnoll hits you but does no damage. The goblin closely misses you.
You block the gnoll's attack. The gnoll barely misses you.
The goblin hits you but does no damage.
You closely miss the goblin. You hit the goblin.
You feel sick. The goblin hits you but does no damage.
The gnoll hits you but does no damage. x2
The goblin hits you but does no damage.
You slash the goblin!
You kill the goblin!
Your scale mail prevents you from hitting the goblin.
Your shield prevents you from hitting the goblin.
You feel sick. The goblin barely misses you.
The gnoll hits you from afar with a +0 halberd.
* * * LOW HITPOINT WARNING * * *
The gnoll hits you from afar with a +0 halberd.
* * * LOW HITPOINT WARNING * * *
The goblin hits you but does no damage. The gnoll closely misses you.
The goblin hits you but does no damage.
The gnoll hits you from afar with a +0 halberd!
* * * LOW HITPOINT WARNING * * *
You feel sick.
The goblin no longer looks unusually strong.
You block the goblin's attack. The gnoll barely misses you.
The gnoll closely misses you. The goblin hits you with a +0 club.
* * * LOW HITPOINT WARNING * * *
A mysterious force pulls you upwards. The hatch slams shut behind you.
You die...

#............# ####
#............# #...
#..........).###.##
#................#.
#######.............####.
#...................####.
#.###....................
#.# #.#gg..........####..
#.# #...@..........+.....
#.###..............####.#
#..................'..#..
#.####.............#.####
######.##'##########.#
#......##.# #.#
#.#######.# #.# #.# #.###
#.# #.#######.#<# #.#


You could see 2 goblins.

Vanquished Creatures
  Grinder (D:3)
  A black bear (D:4)
  A centaur skeleton (D:4)
  Robin (D:4)
  2 gnolls (D:4)
  5 adders
  A shadow imp (D:4)
  An adder skeleton (D:4)
  3 worms
  A dart slug (D:4)
  5 orcs (D:4)
  5 bats
  7 endoplasms
  A giant cockroach (D:2)
  14 goblins
  7 hobgoblins
  3 jackals (D:2)
  3 quokkas
  5 ball pythons
  2 frilled lizards
  11 kobolds
  5 rats
85 creatures vanquished.

Notes
Turn   | Place    | Note
-------+----------+-------------------------------------------
     0 | D:1      | lonewolfV2 the Minotaur Fighter began the quest for the
                  | Orb.
     0 | D:1      | Reached XP level 1. HP: 19/19 MP: 0/0
   210 | D:1      | Reached XP level 2. HP: 27/27 MP: 1/1
   213 | D:1      | Found a faded altar of an unknown god.
   994 | D:2      | Reached XP level 3. HP: 25/33 MP: 2/2
  1003 | D:2      | Reached skill level 3 in Axes
  1626 | D:3      | Reached XP level 4. HP: 40/40 MP: 3/3
  1873 | D:3      | Noticed Grinder
  1882 | D:3      | Killed Grinder
  1883 | D:3      | Reached skill level 5 in Axes
  1883 | D:3      | Reached skill level 1 in Dodging
  1883 | D:3      | Reached skill level 5 in Shields
  1883 | D:3      | Reached XP level 5. HP: 39/47 MP: 4/4
  1883 | D:3      | Reached XP level 6. HP: 44/53 MP: 5/5
  2465 | D:4      | Reached skill level 6 in Axes
  2629 | D:4      | Noticed Robin
  2641 | D:4      | Killed Robin
  2644 | D:4      | HP: 1/55 [goblin[Robin] (2)]
  2645 | D:3      | Succumbed to a goblin's poison

Illustrated notes

Levels and vault maps discovered:
D:1:      nagdon_arrival_zigzag_paths, layout_basic,
          shapermc_ecumenical_altar_venn
D:2:      layout_rooms, grunt_decor_resistance
D:3:      layout_basic, uniq_grinder
D:4:      layout_rooms, minmay_misc_feat_diagonals, corexii_checkpoint_b,
          uniq_robin

Skill      XL: |  1  2  3  4  5  6 |
---------------+-------------------+-----
Armour         | 4 |  4.7
Fighting       | 4 |  4.8
Shields        | 4 5 |  5.4
Axes           | 3 5 6 |  6.2
Dodging        | 1 |  1.7
Stealth        | |  0.4

Action                   |  1- 3 |  4- 6 || total
-------------------------+-------+-------++-------
Melee: War axe           |    75 |    80 ||   155
       Headbutt          |    14 |    12 ||    26
  Use: Scroll            |     3 |     3 ||     6
Armor: Scale mail        |    61 |    85 ||   146
Dodge: Dodged            |    30 |    55 ||    85
Block: Kite shield       |    60 |    82 ||   142
